 Dungeon Crawl Stone Soup version 0.31-a0-152-g6aa68a64a1 (webtiles) character file.

Game seed: 16441249994445457977

101 qw the Shooter (level 4, -2/40 HPs)
             Began as a Naga Hunter on June 10, 2023.
             Slain by a rat (3 damage)
             ... on level 2 of the Dungeon.
             The game lasted 00:00:27 (1178 turns).

qw the Shooter (Naga Hunter)                        Turns: 1178, Time: 00:00:28

Health: -2/40      AC:  3    Str: 14    XL:     4   Next: 75%
Magic:  4/4        EV:  9    Int:  9    God:
Gold:   68         SH:  0    Dex: 16    Spells: 3/3 levels left

rFire   . . .        Y - +0 shortbow
rCold   . . .        (shield currently unavailable)
rNeg    . . .        c - +0 leather armour
rPois   +            (no helmet)
rElec   .            (no cloak)
rCorr   .            g - +0 pair of gloves
SInv    +            (no barding)
Will    .....        d - amulet of faith
Stlth   ++           (no ring)
HPRegen 0.26/turn    (no ring)
MPRegen 0.09/turn

%: faith
@: short of breath, very slow
A: AC +1, large, see invisible, deformed body, poison resistance, slowness 2,
spit poison 1, naga tail 1
a: Spit Poison


You were on level 2 of the Dungeon.
You visited 1 branch of the dungeon, and saw 2 of its levels.

You collected 68 gold pieces.


Innate Abilities, Weirdness & Mutations

Your serpentine skin is tough. (AC +1)
You have supernaturally acute eyesight. (SInv)
Armour fits poorly on your strangely shaped body.
Your system is resistant to poisons. (rPois)
You cover ground very slowly.
You can spit poison.
You have a snake-like lower body.


   Skills:
 + Level 2.7 Fighting
 - Level 5.1 Ranged Weapons
 - Level 1.5 Dodging
 - Level 1.5 Stealth


You had 3 spell levels left.
You didn't know any spells.
Your spell library was empty.

Inventory:

Hand Weapons
 Y - a +0 shortbow (weapon)
Armour
 c - a +0 leather armour (worn)
 e - a +0 helmet
 g - a +0 pair of gloves (worn)
Jewellery
 d - an amulet of faith (around neck)
Scrolls
 b - a scroll of poison {unknown}
Potions
 a - a potion of attraction {unknown}
 f - a potion of invisibility {unknown}
 h - a potion of haste {unknown}

Dungeon Overview and Level Annotations

Branches:
Dungeon (2/15)

Altars:

Shops:
D:1 =


Message History

The endoplasm freezes you.
You are frozen.
1172 ||| INVOKING Spit Poison.
Aiming: Spit Poison (1% risk of failure)
Press: ? - help, Shift-Dir - straight line, f/p - adder The splash of poison misses the adder.
The adder closely misses you. The adder barely misses you.
The endoplasm barely misses you. The rat bites you but does no damage.
You shoot an arrow. The arrow hits the adder!
You kill the adder!
The endoplasm jiggles.
The endoplasm misses you. The rat bites you but does no damage.
You shoot an arrow. The arrow hits the endoplasm.
The endoplasm is severely wounded.
You have got your breath back.
The endoplasm freezes you.
You are frozen.
The goblin hits you with a +0 dagger. The rat bites you but does no damage.
1175 ||| INVOKING Spit Poison.
Aiming: Spit Poison (1% risk of failure)
Press: ? - help, Shift-Dir - straight line, f - rat, p - endoplasm The splash of poison misses the rat.
The splash of poison misses the quokka.
The goblin hits you but does no damage.
The endoplasm hits you but does no damage.
The rat bites you.
You shoot an arrow. The arrow barely misses the endoplasm.
The endoplasm freezes you.
You are frozen.
The goblin hits you with a +0 dagger. The rat bites you.
You shoot an arrow. The arrow hits the endoplasm.
You kill the endoplasm!
You have got your breath back.
The goblin hits you with a +0 dagger. The rat barely misses you.
The quokka closely misses you.
1178 ||| INVOKING Spit Poison.
Aiming: Spit Poison (1% risk of failure)
Press: ? - help, Shift-Dir - straight line, f - quokka The splash of poison hits the quokka!
The quokka is poisoned.
You kill the quokka!
The bat hits you. The goblin barely misses you. The rat bites you.
You die...

....#.###########
...................>##.
....#.#.#######.#.#.#..
#####.#.# #.#.#... #
###.#.# ###.#...# #
#...#.#####...#..# . .
#.#...........#.# ...
#.#.#.#.#####...%b#g.$..
..#.#.#.# #...@rb#
..#.#.#.# ####.g.#
..#.#.#.# #....#
.##.#.#.# #.....#
...#.#.# #....... #
#.#.# ####....# .#### .#


You could see 2 goblins, 2 bats and a rat.

Vanquished Creatures
  Jessica (D:2)
  3 adders (D:2)
  A gnoll (D:1)
  A worm (D:2)
  A dart slug (D:2)
  6 ball pythons
  3 endoplasms
  2 goblins
  5 hobgoblins
  4 jackals (D:1)
  4 kobolds (D:1)
  2 quokkas
  A bat (D:1)
  2 frilled lizards (D:1)
36 creatures vanquished.

Notes
Turn   | Place    | Note
-------+----------+-------------------------------------------
     0 | D:1      | qw the Naga Hunter began the quest for the Orb.
     0 | D:1      | Reached XP level 1. HP: 19/19 MP: 1/1
     0 | D:1      | 0 ||| qw: Version: 0.2-a-123-gb51047a
     0 | D:1      | 0 ||| qw: Game counter: 3764
     0 | D:1      | 0 ||| qw: Always use a shield: true
     0 | D:1      | 0 ||| qw: God list: Okawaru
     0 | D:1      | 0 ||| qw: Allow faded altars: false
     0 | D:1      | 0 ||| qw: Do Orc after D:15 true
     0 | D:1      | 0 ||| qw: Do second Lair branch before Depths: true
     0 | D:1      | 0 ||| qw: Lair rune preference: random
     0 | D:1      | 0 ||| qw: Plans: Normal
     0 | D:1      | 0 ||| PLANNING D:1-11
     8 | D:1      | 8 ||| INVOKING Spit Poison.
    22 | D:1      | 22 ||| INVOKING Spit Poison.
    68 | D:1      | 68 ||| INVOKING Spit Poison.
    71 | D:1      | 71 ||| INVOKING Spit Poison.
    74 | D:1      | 74 ||| INVOKING Spit Poison.
    77 | D:1      | Reached skill level 4 in Ranged Weapons
    77 | D:1      | Reached XP level 2. HP: 15/26 MP: 2/2
   151 | D:1      | 151 ||| INVOKING Spit Poison.
   192 | D:1      | 192 ||| INVOKING Spit Poison.
   197 | D:1      | 197 ||| INVOKING Spit Poison.
   201 | D:1      | 201 ||| INVOKING Spit Poison.
   306 | D:1      | 306 ||| INVOKING Spit Poison.
   322 | D:1      | Found a faded altar of an unknown god.
   325 | D:1      | 325 ||| INVOKING Spit Poison.
   340 | D:1      | 340 ||| INVOKING Spit Poison.
   461 | D:1      | Found Jiess's Jewellery Emporium.
   464 | D:1      | 464 ||| SHOPLISTING +6 ring of dexterity (504 gold, have
                  | 0).
   464 | D:1      | 464 ||| SHOPLISTING amulet of the acrobat (420 gold, have
                  | 0).
   464 | D:1      | 464 ||| SHOPLISTING ring of resist corrosion (280 gold,
                  | have 0).
   464 | D:1      | 464 ||| SHOPLISTING ring of the Ego {*Corrode rF+++ MP+9
                  | Dex+2 Stlth+} (887 gold, have 0).
   464 | D:1      | 464 ||| SHOPLISTING ring of willpower (350 gold, have 0).
   525 | D:1      | 525 ||| INVOKING Spit Poison.
   534 | D:1      | 534 ||| INVOKING Spit Poison.
   543 | D:1      | 543 ||| INVOKING Spit Poison.
   546 | D:1      | Reached XP level 3. HP: 22/32 MP: 3/3
   549 | D:1      | 549 ||| INVOKING Spit Poison.
   556 | D:1      | 556 ||| INVOKING Spit Poison.
   556 | D:1      | HP: 8/32 [goblin/+0 dagger (3)]
   746 | D:1      | 746 ||| UPGRADING to +0 pair of gloves.
   751 | D:1      | 751 ||| UPGRADING to amulet of faith.
   756 | D:1      | 756 ||| READING scroll labelled KOIK YDYMPYU.
   757 | D:1      | 757 ||| DRINKING 2 bubbling white potions.
   758 | D:1      | 758 ||| DROPPING scroll of butterflies.
   759 | D:1      | 759 ||| DROPPING potion of enlightenment.
   776 | D:2      | 776 ||| INVOKING Spit Poison.
   779 | D:2      | 779 ||| STAIRDANCE
   793 | D:2      | 793 ||| INVOKING Spit Poison.
   799 | D:2      | 799 ||| INVOKING Spit Poison.
   803 | D:2      | 803 ||| INVOKING Spit Poison.
   841 | D:2      | Noticed Jessica
   843 | D:2      | 843 ||| INVOKING Spit Poison.
   843 | D:2      | Killed Jessica
   844 | D:2      | Reached skill level 5 in Ranged Weapons
   844 | D:2      | Reached XP level 4. HP: 39/39 MP: 4/4
   861 | D:2      | 861 ||| INVOKING Spit Poison.
   884 | D:2      | 884 ||| INVOKING Spit Poison.
  1160 | D:2      | Identified the +10 sling "Lircha" {flame, rElec rPois
                  | Stlth+}
  1161 | D:2      | 1161 ||| INVOKING Spit Poison.
  1166 | D:2      | 1166 ||| INVOKING Spit Poison.
  1172 | D:2      | 1172 ||| INVOKING Spit Poison.
  1175 | D:2      | 1175 ||| INVOKING Spit Poison.
  1176 | D:2      | HP: 9/40 [frozen (4)]
  1177 | D:2      | HP: 2/40 [goblin/+0 dagger (3)]
  1178 | D:2      | 1178 ||| INVOKING Spit Poison.
  1178 | D:2      | Slain by a rat

Levels and vault maps discovered:
D:1:      saegor_arrival_miasma, layout_loops_ring,
          shapermc_ecumenical_altar_rom_forum, serial_shops,
          nicolae_shop_tiny_real_fake_doors
D:2:      layout_basic, minmay_heptomino_w4, uniq_jessica

Skill      XL: |  1  2  3 |
---------------+----------+-----
Ranged Weapons | 4 5 |  5.1
Fighting       | |  2.7
Dodging        | |  1.5
Stealth        | |  1.5

Action                     |  1- 3 |  4- 6 || total
---------------------------+-------+-------++-------
   Fire: Shortbow          |    55 |    18 ||    73
Ability: Spit Poison       |    22 |     7 ||    29
    Use: Scroll            |     1 |       ||     1
         Potion            |     1 |       ||     1
 Armour: Leather armour    |    10 |    12 ||    22
  Dodge: Dodged            |    23 |    19 ||    42

Table legend:
 A = Non-vault XP
 B = Vault XP
 C = Vault XP percentage of total XP
 D = Non-vault monster count
 E = Vault monster count
 F = Vault count percentage of total count
                 A         B        C        D         E       F
            +---------+---------+-------+---------+---------+-------
      Total |      79 |      68 |  46.3 |      31 |       5 |  13.9
            +---------+---------+-------+---------+---------+-------
        D:1 |      51 |       0 |   0.0 |      24 |       0 |   0.0
        D:2 |      28 |      68 |  70.8 |       7 |       5 |  41.7
            +---------+---------+-------+---------+---------+-------
